 Dungeon Crawl Stone Soup version 0.16.1-12-gf5c4a84 (webtiles) character file.

4170 Siriah the Ducker (level 10, 0/100 HPs)
             Began as a Mottled Draconian Transmuter on Apr 7, 2015.
             Was a Believer of Ru.
             Slain by a killer bee (8 damage)
             ... on level 9 of the Dungeon on Apr 9, 2015.
             The game lasted 00:49:56 (9950 turns).

Siriah the Ducker (Mottled Draconian Transmuter)    Turns: 9950, Time: 00:49:56

Health: 0/100      AC:  6    Str: 21    XL:     10   Next: 7%
Magic:  0/24       EV: 13    Int: 16    God:    Ru [**....]
Gold:   457        SH:  0    Dex: 12    Spells: 6 memorised, 4 levels left

rFire  x . .     SeeInvis .       - Unarmed
rCold  + + +     Clarity  .     (armour unavailable)
rNeg   . . .     SustAb   .     F - melded +2 buckler
rPois  +         Gourm    .     (helmet currently unavailable)
rElec  .         Spirit   +     w - melded +1 cloak
rCorr  .         Warding  .     (gloves currently unavailable)
rMut   .         Stasis   .     x - melded +2 pair of boots
MR     .....                    j - amulet of guardian spirit
Stlth  +.........               L - +2 ring of strength
                                K - +6 ring of strength

@: ice-form, no scrolls, very slightly contaminated, not resistant to hostile
enchantments, very unstealthy
A: (breathe sticky flames), unfitting armour, (claws 0), (cold-blooded),
inability to read while threatened, inexperienced 1, AC +7
a: End Transformation, Renounce Religion


You were on level 9 of the Dungeon.
You worshipped Ru.
Ru was pleased with you.
You were not hungry.
You were a creature of crystalline ice.
You visited 2 branches of the dungeon, and saw 10 of its levels.
You also visited: Ossuary and Bailey.

You collected 640 gold pieces.
You spent 183 gold pieces at shops.

Inventory:

Hand weapons
 f - a +1 shortbow of freezing
Missiles
 b - 124 arrows
 r - 7 poisoned arrows
 t - 13 tomahawks (quivered)
 M - 14 arrows of frost
Armour
 w - a +1 cloak (melded)
 x - a +2 pair of boots (melded)
 F - a +2 buckler (melded)
Jewellery
 j - an amulet of guardian spirit (around neck)
 K - a +6 ring of strength (left front paw)
 L - a +2 ring of strength (right front paw)
 Q - an uncursed ring of protection from fire
Magical devices
 i - a wand of slowing (42)
Scrolls
 g - 3 scrolls of remove curse
 h - a scroll of noise
 l - 6 scrolls of teleportation
 m - 2 scrolls of amnesia
 p - 2 scrolls of magic mapping
 v - 5 scrolls of identify
 y - a scroll of immolation {unknown}
 J - a scroll of enchant armour
Potions
 c - a potion of berserk rage
 q - a potion of haste {unknown}
 s - a potion of cancellation {unknown}
 u - a potion of resistance {unknown}
 z - 2 potions of brilliance {unknown}
 C - a potion of ambrosia
 E - 3 potions of invisibility {unknown}
 H - 2 potions of degeneration {unknown}
 I - a potion of magic {unknown}
 N - a potion of mutation {unknown}
 P - a potion of flight {unknown}
Books
 d - a book of Changes

   Spells                             Type                      Level
   a - Beastly Appendage              Transmutation                1
   b - Sticks to Snakes               Transmutation                2
   c - Spider Form                    Transmutation/Poison         3
   d - Ice Form                       Ice/Transmutation            4
   e - Blade Hands                    Transmutation                5
 O - a book of Necromancy

   Spells                             Type                      Level
   a - Pain                           Necromancy                   1
   b - Animate Skeleton               Necromancy                   1
   c - Vampiric Draining              Necromancy                   3
   d - Regeneration                   Charms/Necromancy            3
   e - Animate Dead                   Necromancy                   4
   f - Control Undead                 Necromancy                   4
Comestibles
 a - 8 bread rations
 k - 3 meat rations
 n - 8 slices of pizza
 o - a fruit
 B - 2 chunks of flesh
 G - 5 beef jerkies


   Skills:
 + Level 6.4 Fighting
 + Level 0.5 Bows
 + Level 7.8 Dodging
 - Level 1.0 Shields
 + Level 7.4 Unarmed Combat
 + Level 6.9 Spellcasting
 + Level 0.1 Charms
 + Level 0.2 Necromancy
 + Level 6.8 Transmutations
 + Level 0.2 Ice Magic
 - Level 1.1 Poison Magic


You had 4 spell levels left.
You knew the following spells:

 Your Spells              Type           Power        Failure   Level  Hunger
a - Beastly Appendage     Trmt           ####..       1%          1    None
b - Sticks to Snakes      Trmt           ####......   1%          2    None
c - Spider Form           Trmt/Pois      ###.......   10%         3    ##.....
d - Ice Form              Ice/Trmt       ###.....     34%         4    ####...
e - Blade Hands           Trmt           ####......   21%         5    #####..
f - Regeneration          Chrm/Necr      #.........   38%         3    ##.....


Dungeon Overview and Level Annotations

Branches:
Dungeon (9/15)             Temple (1/1) D:6
   Lair: D:8-11         Orc: D:9-12

Altars:
Ashenzari
Cheibriados
Dithmenos
Elyvilon
Fedhas
Gozag
Kikubaaqudgha
Makhleb
Nemelex Xobeh
Okawaru
Qazlal
Ru
Sif Muna
Trog
Vehumet
Xom
Yredelemnul
Zin

Shops:
D:4 *   D:6 }   D:7 *


Innate Abilities, Weirdness & Mutations

((You can spit globs of burning liquid.))
((You can ignite nearby creatures when you spit burning liquid.))
((Your weird mottled scales are hard (AC +7).))
Your body does not fit into most forms of armour.
((Your cold-blooded metabolism reacts poorly to cold.))
You cannot read scrolls while threatened.
You are somewhat inexperienced (-2 XL).
((You have sharp fingernails.))


Message History

The killer bee barely misses you.
You hear an angry buzzing noise.
The killer bee misses you.
You hear an angry buzzing noise.
Things that are here:
a club; a ring mail Read which item? (? for menu, Esc to quit)
Okay, then.
Drink which item? (? for menu, Esc to quit)
You feel better. The killer bee stings you.
* * * LOW HITPOINT WARNING * * *
You focus your will and blind the killer bee in retribution!
The killer bee is stunned by your will and fails to attack.
The killer bee stings you.
* * * LOW HITPOINT WARNING * * *
The killer bee barely misses you.
The killer bee is stunned by your will and fails to attack.
The killer bee barely misses you.
The killer bee is no longer berserk.
The killer bee stings you!
You die...

##..#### #....##...# ....#
####....##...#
##.###........'))..#
#...#.###...)##)..# ###.#
#.....).y.# #.#
#....##y#)# #.#
###....##y#y# .
#.#.#......##y#y#####[.y..
#.#........##Y#yy†yyyy#
#.###......##.####yyy.#
#.# #......##.# .y..#
#.###########(# .......
#...........#)# .......
##....#####.#.#########.
#........#.#.#...#
#.....##.#.#.#...##
#.....#..#.#.'....#


You could see 4 killer bees.

Vanquished Creatures
  An orc knight (Bailey)
  Eustachio (D:4)
  A human (D:7)
  Edmund (D:4)
  10 orc warriors
  A sky beast (D:8)
  2 wasps (D:9)
  2 necrophages
  2 ogres (D:8)
  A phantom (D:8)
  6 centaurs
  3 ice beasts
  An elf zombie (Ossuary)
  2 gnoll sergeants
  6 killer bees (D:9)
  3 scorpions
  An electric eel (D:8)
  3 wights (D:8)
  3 jellies
  A crimson imp (D:5)
  2 goliath beetles
  2 giant frog zombies (D:5)
  4 hounds
  A human zombie (Ossuary)
  4 giant frog skeletons
  3 orc priests
  2 iguanas
  2 orc wizards (D:8)
  4 sheep (D:7)
  2 big kobold zombies (Ossuary)
  A killer bee zombie (D:8)
  4 mummies (Ossuary)
  A hound skeleton (D:6)
  A hound zombie (Ossuary)
  A worker ant zombie (D:5)
  Robin (D:4)
  8 adders
  18 gnolls
  A shadow imp (D:9)
  2 worms (D:2)
  2 adder zombies
  5 giant geckos
  31 orcs
  A bat skeleton (D:5)
  8 giant cockroaches
  2 gnoll zombies
  32 hobgoblins
  3 jackals (D:1)
  2 quokkas
  3 ball pythons
  13 bats
  5 giant newts
  33 goblins
  3 goblin zombies (Ossuary)
  A hobgoblin zombie (Ossuary)
  14 kobolds
  2 kobold zombies
  13 rats
288 creatures vanquished.

Vanquished Creatures (collateral kills)
  Grinder (D:3)
  An orc warrior (Bailey)
  The ghost of Amon001 the Skirmisher, an average TrFi (D:3)
  Sigmund (D:3)
  A crimson imp (D:7)
  A jelly (D:7)
  2 hobgoblins (Bailey)
8 creatures vanquished.

Vanquished Creatures (others)
  An orc (D:9)
  A hobgoblin (D:8)
2 creatures vanquished.

Grand Total: 298 creatures vanquished

Notes
Turn   | Place    | Note
--------------------------------------------------------------
     0 | D:1      | Siriah, the Draconian Transmuter, began the quest for the Orb.
     0 | D:1      | Reached XP level 1. HP: 16/16 MP: 3/3
   307 | D:1      | Reached XP level 2. HP: 23/23 MP: 2/4
   910 | D:1      | Learned a level 2 spell: Sticks to Snakes
   937 | D:2      | Reached XP level 3. HP: 25/28 MP: 3/6
  1078 | D:2      | Found a basalt altar of Yredelemnul.
  1206 | D:2      | Found a glowing silver altar of Zin.
  1237 | D:2      | Found a white marble altar of Elyvilon.
  1317 | D:2      | Reached XP level 4. HP: 29/36 MP: 6/8
  1450 | D:3      | Noticed Grinder
  1450 | D:3      | Noticed Sigmund
  1545 | D:2      | Learned a level 3 spell: Spider Form
  1600 | D:3      | Noticed Amon001's ghost (average TrFi)
  1790 | D:3      | Killed Sigmund
  1790 | D:3      | Reached XP level 5. HP: 34/41 MP: 0/9
  1958 | D:3      | Killed Amon001's ghost
  2069 | D:3      | Paralysed by Grinder for 3 turns
  2079 | D:3      | Killed Grinder
  2079 | D:3      | Reached XP level 6. HP: 30/49 MP: 2/13
  2357 | D:4      | Found a bloodstained altar of Trog.
  2501 | D:4      | Noticed Eustachio
  2521 | D:4      | Killed Eustachio
  2521 | D:4      | Reached skill level 4 in Spellcasting
  2536 | D:4      | Found Cococ's Assorted Antiques.
  2540 | D:4      | Bought a scroll labeled XUILIG DAITEEW for 28 gold pieces
  2540 | D:4      | Bought a pair of runed boots for 126 gold pieces
  2660 | D:4      | Your scales start taking on a weird mottled pattern.
  2660 | D:4      | Reached XP level 7. HP: 53/56 MP: 14/17
  2727 | D:4      | Noticed Edmund
  2755 | D:4      | Killed Edmund
  2792 | D:4      | Noticed Robin
  2817 | D:4      | Killed Robin
  2950 | D:4      | Got an ichor-stained large shield
  2956 | D:4      | Identified the -8 large shield "Zeguedukotz" {Str+2} (You found it on level 4 of the Dungeon)
  3055 | D:4      | Found a snail-covered altar of Cheibriados.
  3140 | D:5      | Entered Level 5 of the Dungeon
  3192 | D:5      | Reached skill level 1 in Poison Magic
  3281 | D:5      | Found a sand-covered staircase.
  3286 | Ossuary  | Entered an ossuary
  3450 | Ossuary  | Reached XP level 8. HP: 18/63 MP: 18/18
  4015 | D:5      | Reached skill level 5 in Unarmed Combat
  4028 | D:5      | Found a radiant altar of Vehumet.
  4095 | D:5      | Reached skill level 5 in Dodging
  4644 | D:6      | Found a staircase to the Ecumenical Temple.
  4667 | Temple   | Entered the Ecumenical Temple
  4704 | Temple   | Became a worshipper of Ru the Awakened
  4765 | D:6      | Learned a level 4 spell: Ice Form
  4771 | D:6      | Learned a level 5 spell: Blade Hands
  4818 | D:6      | Found a shattered altar of Ashenzari.
  5052 | D:6      | Found a burning altar of Makhleb.
  5116 | D:6      | Reached skill level 1 in Shields
  5116 | D:6      | Reached skill level 5 in Spellcasting
  5116 | D:6      | Reached skill level 5 in Transmutations
  5139 | D:6      | Found Tuurouna's Gadget Boutique.
  5192 | D:6      | Reached skill level 5 in Fighting
  5722 | D:6      | Reached XP level 9. HP: 60/74 MP: 14/21
  5962 | D:7      | Found Ymuac's Assorted Antiques.
  5973 | D:7      | Gained mutation: You are somewhat inexperienced (-2 XL). [Ru sacrifice]
  5973 | D:7      | Reached XP level 8. HP: 63/68 MP: 20/20
  5973 | D:7      | Reached XP level 7. HP: 61/61 MP: 18/18
  5973 | D:7      | Acquired Ru's first power
  5978 | D:7      | Bought a scroll labeled VANGEZXOMM for 29 gold pieces
  6000 | D:7      | Found a flagged portal.
  6011 | Bailey   | Entered a bailey
  6036 | Bailey   | Reached skill level 6 in Dodging
  6470 | Bailey   | Reached XP level 8. HP: 47/69 MP: 11/20
  6713 | Bailey   | Noticed an orc warlord
  6714 | Bailey   | Noticed an orc knight
  6731 | Bailey   | Noticed an orc knight
  7216 | Bailey   | Killed an orc knight
  7216 | Bailey   | Reached skill level 7 in Dodging
  7516 | D:7      | Reached XP level 9. HP: 28/75 MP: 16/22
  7636 | D:7      | Found a shimmering altar of Xom.
  7905 | D:7      | Upgraded the game from 0.16.1-11-g651b585 to 0.16.1-12-gf5c4a84
  7931 | D:7      | Found an iron altar of Okawaru.
  8292 | D:8      | Gained mutation: You cannot read scrolls while threatened. [Ru sacrifice]
  8292 | D:8      | Acquired Ru's second power
  8707 | D:8      | Found a shadowy altar of Dithmenos.
  8997 | D:8      | Gained mutation: Your body is misshapen. [mutagenic meat]
  8998 | D:8      | Gained mutation: You have sharp fingernails. [mutagenic meat]
  8999 | D:8      | Lost mutation: Your body is misshapen. [mutagenic meat]
  9330 | D:9      | Learned a level 3 spell: Regeneration
  9458 | D:9      | Paralysed by a wasp for 2 turns
  9544 | D:9      | Reached XP level 10. HP: 31/84 MP: 1/24
  9950 | D:9      | Slain by a killer bee

Action                   |  1- 3 |  4- 6 |  7- 9 | 10-12 || total
-------------------------+-------+-------+-------+-------++-------
Melee: Unarmed           |   116 |   117 |   841 |    30 ||  1104
 Fire: Shortbow          |       |       |     5 |       ||     5
Throw: Tomahawk          |    17 |    20 |    51 |       ||    88
 Cast: Beastly Appendage |    25 |    16 |    60 |     1 ||   102
       Sticks to Snakes  |       |    18 |    27 |       ||    45
       Spider Form       |       |     2 |    25 |     1 ||    28
       Ice Form          |       |       |     1 |     1 ||     2
Invok: Sacrifice Experie |       |       |     1 |       ||     1
       Sacrifice Words   |       |       |     1 |       ||     1
 Abil: Breathe Sticky Fl |       |       |    25 |       ||    25
Evoke: Wand              |       |       |     2 |       ||     2
  Use: Scroll            |       |     2 |    15 |       ||    17
       Potion            |       |       |     7 |     3 ||    10
 Stab: Distracted        |       |     1 |       |       ||     1
  Eat: Chunk             |     2 |     6 |    30 |     3 ||    41
       Fruit             |       |       |     1 |       ||     1
       Pizza             |       |       |     1 |       ||     1
